 Dungeon Crawl Stone Soup version 0.32-a0-131-g9dbbe29261 (webtiles) character file.

Game seed: 1359465235305673401

1138 PriceMaster the Firebug (level 8, 0/47 HPs)
             Began as an Octopode Fire Elementalist on Feb 8, 2024.
             Was a Believer of the Shining One.
             Slain by Maggie
             ... wielding a +2 heavy war axe
              (27 damage)
             ... on level 6 of the Dungeon on Feb 9, 2024.
             The game lasted 00:13:16 (5934 turns).

PriceMaster the Firebug (OpFE)                      Turns: 5934, Time: 00:13:17

Health: 0/47       AC:  1    Str:  9    XL:     8   Next: 37%
Magic:  9/16       EV: 14    Int: 18    God:    the Shining One [**....]
Gold:   315        SH:  0    Dex: 18    Spells: 4/17 levels left

rFire   . . .        j - +4 flail (protect)
rCold   . . .        (no shield)
rNeg    + . .        (helmet restricted)
rPois   .            d - amulet of magic regeneration
rElec   .            b - ring of wizardry
rCorr   .            l - +6 ring of dexterity
SInv    .            (no ring)
Will    .....        (no ring)
Stlth   ++           (no ring)
HPRegen 0.27/turn    (no ring)
MPRegen 0.55/turn    (no ring)
                     (no ring)

%: wizardry (x1)
@: glowing
A: almost no armour, amphibious, 8 rings, camouflage 1, gelatinous body 1,
(nimble swimmer 1), tentacles
a: Renounce Religion, Divine Shield


You were on level 6 of the Dungeon.
You worshipped the Shining One.
The Shining One was pleased with you.
You visited 1 branch of the dungeon, and saw 6 of its levels.

You collected 315 gold pieces.

Inventory:

Hand Weapons
 g - a +0 spear
 j - a +4 flail of protection (weapon)
 v - a +0 spear of freezing
Jewellery
 b - a ring of wizardry (left tentacle)
 d - an amulet of magic regeneration (around mantle)
 k - an amulet of regeneration
 l - a +6 ring of dexterity (right tentacle)
 w - a ring of flight
Wands
 e - a wand of polymorph (9)
 t - a wand of flame (23)
 u - a wand of charming (10)
Scrolls
 a - a scroll of fog
 h - 2 scrolls of immolation
 i - 2 scrolls of teleportation
 m - 3 scrolls of amnesia {unknown}
 n - a scroll of fear {unknown}
 p - a scroll of enchant armour {unknown}
 q - a scroll of blinking {unknown}
 r - a scroll of noise {unknown}
Potions
 c - a potion of degeneration
 f - 3 potions of curing
 o - a potion of brilliance {unknown}
 s - a potion of cancellation {unknown}


   Skills:
 + Level 0.8 Fighting
 + Level 0.7 Polearms
 + Level 2.4 Dodging
 + Level 3.6 Stealth
 + Level 5.3 Spellcasting
 + Level 3.0 Conjurations
 + Level 2.3 Hexes
 + Level 1.0 Translocations
 + Level 6.6 Fire Magic


You had 4 spell levels left.
You knew the following spells:

 Your Spells              Type           Power      Damage    Failure   Level
a - Foxfire               Conj/Fire      88%        2x1d8     1%          1
b - Scorch                Fire           56%        2d7       1%          2
c - Inner Flame           Hex/Fire       21%        N/A       2%          3
d - Volatile Blastmotes   Fire/Tloc      36%        2d13      3%          3
e - Flame Wave            Conj/Fire      22%        2d8       7%          4

Your spell library contained the following spells:

 Spells                   Type           Power      Damage    Failure   Level
 Slow                     Hex            52%        N/A       1%          1
 Apportation              Tloc           16%        N/A       3%          1
 Jinxbite                 Hex            26%        N/A       3%          2
 Confusing Touch          Hex            13%        N/A       6%          3
 Sigil of Binding         Hex            13%        N/A       6%          3
 Vampiric Draining        Necr           4%         2d6       16%         3
 Alistair's Intoxication  Alch           2%         N/A       77%         5


Dungeon Overview and Level Annotations

Branches:
Dungeon (6/15)             Temple (0/1) D:4

Altars:
Makhleb
Nemelex Xobeh
Okawaru
Ru
Trog
Uskayaw
Yredelemnul
The Shining One

Shops:
D:1 (   D:5 *

Annotations:
D:6 Maggie


Innate Abilities, Weirdness & Mutations

You cannot wear most types of armour.
You are amphibious.
You can wear up to eight rings at the same time.
Your skin changes colour to match your surroundings (Stealth+).
Your rubbery body absorbs attacks. (AC +1, EV +1)
((You are camouflaged when in or above water. (Stealth+)))
You have tentacles for arms and can constrict up to eight enemies at once.


Message History

You start resting.
Magic restored.
You start waiting.
Maggie the Vainglorious comes into view.
She is wielding a +2 heavy war axe.
Casting: Scorch (safe; 1% risk of failure)
Confirm with . or Enter, or press ? or * to list all spells.
Aiming: Inner Flame (dangerous; 2% risk of failure)
Press: ? - help, Dir - move target, f - Maggie
Aim: Maggie, wielding a +2 heavy war axe and wearing +0 swamp dragon scales (wandering, hasn't noticed you, chance to affect: 76%) Maggie shouts!
Maggie is filled with an inner flame.
Casting: Inner Flame (dangerous; 2% risk of failure)
Confirm with . or Enter, or press ? or * to list all spells.
You conjure some foxfire!
Maggie gestures at you while chanting. The bolt of fire hits you!!
The bolt of fire hits your foxfire.
Your foxfire completely resists.
Casting: Foxfire (safe; 1% risk of failure)
Confirm with . or Enter, or press ? or * to list all spells.
Flames lash Maggie but do no damage.
Unknown command.
Casting: Scorch (safe; 1% risk of failure)
Confirm with . or Enter, or press ? or * to list all spells.
Flames lash Maggie.
Flame seeps out of Maggie.
Maggie is lightly wounded.
Maggie's fire resistance burns away.
Maggie is engulfed in blazing flames.
Flame seeps out of Maggie.
Unknown command.
The foxfire hits Maggie!
Maggie is burned terribly!
Flame seeps out of Maggie.
Maggie is heavily wounded.
Maggie is engulfed in blazing flames.
Flame seeps out of Maggie.
Casting: Scorch (safe; 1% risk of failure)
Confirm with . or Enter, or press ? or * to list all spells.
A cloud of volatile blastmotes flares up around you!
Run!
Maggie mumbles some strange words.
Maggie attempts to bespell you! You resist with almost no effort.
Maggie attacks as she pursues you!
Maggie hits you with a +2 heavy war axe!!
Ouch! That really hurt!
You die...

#. ..#. ....
.. #.#. ..
#.#. #. #.#.
.## #.#.###..#
#.#.@.##.#
#.###@...#
#..°.....##
######....#
......#..#####
##
####..##.....#
#. #..##...#.#
#. #..####.#.#
#. #..####...#
#.


You could see Maggie (inner flame, combustible).

Vanquished Creatures
  Edmund (D:6)
  Menkaure (D:5)
  A black bear (D:5)
  2 ice beasts (D:6)
  A howler monkey (D:5)
  4 hounds
  A gnoll bouda (D:5)
  A jelly (D:4)
  Terence (D:2)
  2 sleepcaps
  An iguana (D:5)
  6 gnolls
  12 adders
  2 ufetubi (D:5)
  A ribbon worm (D:2)
  2 dart slugs
  14 orcs
  12 ball pythons
  4 endoplasms
  2 giant cockroaches
  6 goblins
  8 hobgoblins
  12 jackals
  8 quokkas
  6 bats
  4 frilled lizards
  11 kobolds
  5 rats
131 creatures vanquished.

Vanquished Creatures (others)
  309 foxfires
309 creatures vanquished.

Grand Total: 440 creatures vanquished

Notes
Turn   | Place    | Note
-------+----------+-------------------------------------------
     0 | D:1      | PriceMaster the Octopode Fire Elementalist began the quest
                  | for the Orb.
     0 | D:1      | Reached XP level 1. HP: 11/11 MP: 3/3
   130 | D:1      | Reached XP level 2. HP: 11/17 MP: 0/5
   288 | D:1      | Learned a level 2 spell: Scorch
   366 | D:1      | Reached XP level 3. HP: 21/21 MP: 1/6
   473 | D:1      | Learned a level 3 spell: Inner Flame
   616 | D:1      | Found Qaurphig's Weapon Emporium.
   616 | D:1      | Noticed a +0 giant spiked club
   616 | D:1      | Noticed a +0 rapier
  1192 | D:2      | Reached XP level 4. HP: 27/27 MP: 4/7
  1228 | D:2      | Reached skill level 4 in Fire Magic
  1473 | D:2      | Noticed Terence
  1479 | D:2      | Killed Terence
  1480 | D:2      | Reached XP level 5. HP: 13/31 MP: 7/9
  2051 | D:3      | Found a sacrificial altar of Ru.
  2187 | D:3      | Found a faded altar of an unknown god.
  2209 | D:3      | Prayed at the altar of an unknown god.
  2209 | D:3      | Became a worshipper of the Shining One
  2209 | D:3      | Reached * piety under the Shining One
  2215 | D:3      | Identified the +1 leather armour of Valour {Slay+2}
  2794 | D:3      | Reached XP level 6. HP: 37/37 MP: 7/11
  2798 | D:3      | Learned a level 3 spell: Volatile Blastmotes
  3044 | D:4      | Reached skill level 5 in Fire Magic
  3280 | D:4      | Found a staircase to the Ecumenical Temple.
  3341 | D:4      | Found a burning altar of Makhleb.
  3373 | D:4      | Reached skill level 1 in Hexes
  3910 | D:4      | Found an iron altar of Okawaru.
  3910 | D:4      | Found a basalt altar of Yredelemnul.
  4056 | D:5      | Entered Level 5 of the Dungeon
  4058 | D:5      | Found a hide-covered altar of Uskayaw.
  4117 | D:5      | Reached XP level 7. HP: 30/42 MP: 4/13
  4198 | D:5      | Noticed Menkaure
  4198 | D:5      | Reached ** piety under the Shining One
  4207 | D:5      | Killed Menkaure
  4226 | D:5      | Found a sparkling altar of Nemelex Xobeh.
  4538 | D:5      | Found a bloodstained altar of Trog.
  4556 | D:5      | Reached skill level 6 in Fire Magic
  4742 | D:5      | Found Ciucw's Elemental Accessories.
  4764 | D:5      | Learned a level 4 spell: Flame Wave
  5592 | D:6      | Noticed Edmund
  5594 | D:6      | Reached XP level 8. HP: 22/47 MP: 6/15
  5630 | D:6      | Killed Edmund
  5631 | D:6      | Reached skill level 5 in Spellcasting
  5911 | D:6      | Reached skill level 1 in Translocations
  5927 | D:6      | Noticed Maggie
  5934 | D:6      | Slain by Maggie

Illustrated notes

Levels and vault maps discovered:
D:1:      saegor_arrival_simple_e, layout_basic, serial_shops,
          nicolae_shop_mannequins
D:2:      layout_basic, kennysheep_generic_room_7, uniq_terence
D:3:      layout_loops_ring, mainiacjoe_overflow_concentric_impassable,
          basic_ecumenical_altar, minmay_snake_closets
D:4:      layout_rooms, lightli_temple_of_fire,
          mainiacjoe_overflow_divided_tiny, minmay_temple_entry_antechambers,
          serial_glass, glass_columns_a, glass_columns_b
D:5:      layout_basic, nemelex_xobeh_ov_fountains_minmay,
          mainiacjoe_overflow_chevrons, overflow_temple_1_default,
          nicolae_elemental_shop, uniq_menkaure
D:6:      layout_basic, uniq_edmund, uniq_maggie, uniq_duvessa

Skill      XL: |  1  2  3  4  5  6  7  8 |
---------------+-------------------------+-----
Fire Magic     | 4 5 6 |  6.6
Stealth        | 3 |  3.6
Spellcasting   | 3 4 5 |  5.3
Hexes          | 1 2 |  2.3
Conjurations   | 3 |  3.0
Translocations | 1 |  1.0
Fighting       | |  0.8
Polearms       | |  0.7
Dodging        | |  2.4

Action                     |  1- 3 |  4- 6 |  7- 9 || total
---------------------------+-------+-------+-------++-------
  Melee: Unarmed           |    14 |       |       ||    14
         Tentacles         |     6 |     5 |       ||    11
         Constrict         |     6 |     6 |       ||    12
         Punch             |     1 |     2 |       ||     3
         Spear             |     5 |    32 |       ||    37
   Cast: Foxfire           |    44 |   100 |    37 ||   181
         Scorch            |    11 |    40 |    17 ||    68
         Inner Flame       |     9 |    32 |    11 ||    52
         Volatile Blastmot |       |     6 |    10 ||    16
         Flame Wave        |       |       |     1 ||     1
    Use: Potion            |     1 |     1 |     3 ||     5
         Scroll            |       |       |     6 ||     6
   Stab: Sleeping          |     1 |     2 |       ||     3
 Armour: Skin              |    14 |    17 |     4 ||    35
  Dodge: Dodged            |    22 |    30 |     9 ||    61

Table legend: (Time is in decaauts)
 A = Elapsed time spent in this place.
 B = Non-inter-level travel time spent in this place.
 C = Inter-level travel time spent in this place.
 D = Time resting spent in this place.
 E = Time spent auto-exploring this place.
 F = Levels seen in this place.
 G = Mean time per level.
                   A        B        C        D        E       F      G
               +--------+--------+--------+--------+--------+-----+--------+
         Total |   5932 |   5839 |     93 |   1664 |   3213 |   6 |  988.7 |
       Dungeon |   5932 |   5839 |     93 |   1664 |   3213 |   6 |  988.7 |
               +--------+--------+--------+--------+--------+-----+--------+

Top non-repeatable levels by time:
     D:5: 1490 daAuts
     D:1: 1053 daAuts
     D:4: 1025 daAuts
     D:2: 998 daAuts
     D:3: 978 daAuts
     D:6: 386 daAuts
